 Dungeon Crawl Stone Soup version 0.31-a0-544-gceb718ecc6 (webtiles) character file.

Game seed: 5691405648120162277

442 IdlyInterested the Trooper (level 6, 0/51 HPs)
             Began as a Demonspawn Gladiator on Aug 15, 2023.
             Killed by divine providence
             ... invoked by an orc priest
              (12 damage)
             ... on level 6 of the Dungeon.
             The game lasted 00:07:58 (2740 turns).

IdlyInterested the Trooper (Demonspawn Gladiator)   Turns: 2740, Time: 00:07:59

Health: 0/51       AC: 13    Str: 16    XL:     6   Next: 71%
Magic:  17/17      EV:  7    Int:  9    God:
Gold:   151        SH:  4    Dex: 15    Spells: 8/8 levels left

rFire   . . .        a - +0 long sword
rCold   + . .        v - +0 buckler
rNeg    . . .        j - +3 chain mail {rC+}
rPois   .            s - -1 hat
rElec   .            (no cloak)
rCorr   .            h - +0 pair of gloves
SInv    .            (no boots)
Will    .....        (no amulet) Stlth
                     k - ring of magical power
HPRegen 0.28/turn    (no ring)
MPRegen 0.15/turn

%: no passive effects
@: no status effects
A: horns 2, thin metallic scales 1, demonic magic 1
a: no special abilities


You were on level 6 of the Dungeon.
You visited 1 branch of the dungeon, and saw 4 of its levels.

You collected 151 gold pieces.

Inventory:

Hand Weapons
 a - a +0 long sword (weapon)
 y - a +0 short sword
Missiles
 d - 2 throwing nets
 e - a javelin
 g - 32 stones (quivered)
Armour
 h - a +0 pair of gloves (worn)
 j - a +3 chain mail of cold resistance (worn)
 s - a -1 hat (worn)
 v - a +0 buckler (worn)
Jewellery
 k - a ring of magical power (left hand)
Talismans
 x - a serpent talisman
Wands
 l - a wand of flame (10)
 w - a wand of light (9)
Scrolls
 b - a scroll of revelation {unknown}
 f - 2 scrolls of vulnerability {unknown}
 p - a scroll of enchant armour {unknown}
 t - 3 scrolls of enchant weapon {unknown}
 u - a scroll of blinking {unknown}
Potions
 c - 2 potions of haste
 i - a potion of curing
 m - a potion of brilliance
 o - 2 potions of cancellation
 q - a potion of heal wounds
 r - a potion of resistance
 z - a potion of enlightenment {unknown}


   Skills:
 - Level 5.5 Fighting
 * Level 2.4(3.1) Short Blades
 - Level 3.0(3.4) Long Blades
 - Level 1.7 Throwing
 - Level 3.0 Dodging
 + Level 1.7 Stealth
 + Level 1.5 Spellcasting


You had 8 spell levels left.
You didn't know any spells.
Your spell library was empty.

Dungeon Overview and Level Annotations

Branches:
Dungeon (3/15)

Altars:
Ru

Shops:
D:3 [


Innate Abilities, Weirdness & Mutations

You have a pair of horns on your head.
You are partially covered in thin metallic scales. (AC +2)
Spells you cast may paralyse adjacent enemies.


Message History

There is an open door here.
You open the door.
Found a sacrificial altar of Ru.
An ogre comes into view. It is wielding a +0 giant club.
The ogre shouts!
An orc priest opens the door.
There is an open door here.
You block the ogre's attack.
You barely miss the ogre. You hit the ogre.
You headbutt the ogre, but do no damage.
The ogre is lightly wounded.
The ogre hits you with a +0 giant club!!
You hear a shout! x3
You hit the ogre.
The ogre is moderately wounded.
You hear a shout!
The ogre hits you with a +0 giant club.
You hear a shout!
You hit the ogre but do no damage.
The ogre is moderately wounded.
Something unseen opens the door.
The ogre hits you with a +0 giant club!
* * * LOW HITPOINT WARNING * * *
An orc comes into view. It is wielding a +0 hand axe.
You hit the ogre.
The ogre is moderately wounded.
An orc priest comes into view. It is wielding a +0 flail.
The ogre hits you with a +0 giant club.
* * * LOW HITPOINT WARNING * * *
You slash the ogre! You headbutt the ogre.
The ogre is severely wounded.
Something unseen opens the door.
A shadow imp comes into view.
The ogre barely misses you.
You hit the ogre.
The ogre is severely wounded.
An orc comes into view. It is wielding a +0 flail.
The orc priest mumbles some strange prayers to Beogh against you.
Beogh smites you!
You die...

'###+###+###
#.......#..#
.......#..#
+###o###'..+
#.'o.oO.#..#
#...#@#..#
#._.#.+##+
#O..#.#
o'...+.#
+###+###+


You could see an ogre, an orc priest and 2 orcs.

Vanquished Creatures
  Sigmund (D:2)
  Pargi (D:3)
  An orc priest (D:3)
  Terence (D:2)
  4 gnolls (D:2)
  3 adders
  2 dart slugs (D:3)
  2 orcs (D:3)
  3 bats
  2 endoplasms (D:1)
  3 goblins
  4 hobgoblins
  5 jackals
  3 kobolds
  3 quokkas
  8 ball pythons
  2 frilled lizards
  6 rats
54 creatures vanquished.

Notes
Turn   | Place    | Note
-------+----------+-------------------------------------------
     0 | D:1      | IdlyInterested the Demonspawn Gladiator began the quest for
                  | the Orb.
     0 | D:1      | Reached XP level 1. HP: 16/16 MP: 1/1
    66 | D:1      | Found a faded altar of an unknown god.
   327 | D:1      | Gained mutation: You have a pair of small horns on your
                  | head. [demonic ancestry]
   327 | D:1      | Reached XP level 2. HP: 22/23 MP: 2/2
   754 | D:2      | Noticed Terence
   768 | D:2      | Killed Terence
   769 | D:2      | Reached skill level 3 in Fighting
   769 | D:2      | Gained mutation: You are partially covered in thin metallic
                  | scales. (AC +2) [demonic ancestry]
   769 | D:2      | Reached XP level 3. HP: 14/29 MP: 3/3
   974 | D:2      | Noticed Sigmund
   983 | D:2      | Killed Sigmund
   984 | D:2      | Reached skill level 5 in Fighting
   984 | D:2      | Gained mutation: Spells you cast may paralyse adjacent
                  | enemies. [demonic ancestry]
   984 | D:2      | Reached XP level 4. HP: 34/39 MP: 4/4
   984 | D:2      | Gained mutation: You have a pair of horns on your head.
                  | [demonic ancestry]
   984 | D:2      | Reached XP level 5. HP: 39/44 MP: 5/5
  1192 | D:2      | Reached skill level 1 in Short Blades
  1422 | D:2      | Reached XP level 6. HP: 51/51 MP: 6/6
  1737 | D:3      | Found Hextaj's Armour Boutique.
  2058 | D:3      | Reached skill level 1 in Stealth
  2181 | D:3      | Reached skill level 1 in Spellcasting
  2343 | D:3      | Noticed Pargi
  2355 | D:3      | Killed Pargi
  2723 | D:3      | You fall into a shaft and drop 3 floors!
  2728 | D:6      | Found a sacrificial altar of Ru.
  2740 | D:6      | Killed from afar by an orc priest

Illustrated notes

Levels and vault maps discovered:
D:1:      wander_arrival_chamber, layout_loops_ring,
          shapermc_ecumenical_altar_mp_urbaneastern
D:2:      layout_loops_ring, nicolae_grassy_gnolls, uniq_sigmund, uniq_terence
D:3:      minmay_octagon_keep, layout_loops_corners, serial_shops,
          nicolae_shop_scrapyard, uniq_pargi
D:6:      layout_loops_ring, mainiacjoe_overflow_concentric_impassable,
          mainiacjoe_overflow_24_doors, slow_altar_1, uniq_duvessa

Skill      XL: |  1  2  3  4  5  6 |
---------------+-------------------+-----
Long Blades    | 3 |  3.0
Fighting       | 3 5 |  5.5
Dodging        | 3 |  3.0
Short Blades   | 1 2 |  2.4
Stealth        | 1 |  1.7
Spellcasting   | 1 |  1.5
Throwing       | |  1.7

Action                     |  1- 3 |  4- 6 || total
---------------------------+-------+-------++-------
  Melee: Long sword        |    38 |   104 ||   142
         Headbutt          |     7 |    17 ||    24
  Throw: Throwing net      |     1 |       ||     1
         Stone             |       |     6 ||     6
         Javelin           |       |     2 ||     2
    Use: Potion            |     1 |       ||     1
         Scroll            |     1 |     4 ||     5
   Stab: Sleeping          |     2 |       ||     2
         Held in net/web   |     1 |       ||     1
 Armour: Leather armour    |     1 |       ||     1
         Chain mail        |     1 |    57 ||    58
  Dodge: Dodged            |    30 |    49 ||    79
  Block: Buckler           |       |    14 ||    14

Table legend: (Time is in decaauts)
 A = Elapsed time spent in this place.
 B = Non-inter-level travel time spent in this place.
 C = Inter-level travel time spent in this place.
 D = Time resting spent in this place.
 E = Time spent auto-exploring this place.
 F = Levels seen in this place.
 G = Mean time per level.
                   A        B        C        D        E       F      G
               +--------+--------+--------+--------+--------+-----+--------+
         Total |   2779 |   2639 |    140 |     83 |   1975 |   4 |  694.8 |
       Dungeon |   2779 |   2639 |    140 |     83 |   1975 |   4 |  694.8 |
               +--------+--------+--------+--------+--------+-----+--------+

Top non-repeatable levels by time:
     D:3: 994 daAuts
     D:2: 978 daAuts
     D:1: 788 daAuts
     D:6: 18 daAuts
